 Dungeon Crawl Stone Soup version 0.26.0-11-g8f856b5395 (webtiles) character file.

Game seed: 16931656193236885963

97 EnegeticOcto the Skirmisher (level 4, 0/29 HPs)
             Began as a Gargoyle Fighter on Jan 15, 2021.
             Slain by a hobgoblin (5 damage)
             ... led by Robin
             ... on level 2 of the Dungeon.
             The game lasted 00:01:06 (1553 turns).

EnegeticOcto the Skirmisher (Gargoyle Fighter)      Turns: 1553, Time: 00:01:06

Health: 0/29       AC: 11    Str: 21    XL:     4   Next: 68%
Magic:  4/4        EV:  7    Int:  8    God:
Gold:   55         SH:  9    Dex:  9    Spells: 3/3 levels left

rFire    . . .     SeeInvis .   a - +0 flail
rCold    . . .     Faith    .   c - +0 kite shield
rNeg     + . .     Spirit   .   b - +0 scale mail
rPois    ∞         Reflect  .   (no helmet)
rElec    +         Harm     .   (no cloak)
rCorr    .         Rampage  .   (no gloves)
Will     .....                  e - +0 pair of boots
Stlth    ..........             (no amulet)
HPRegen  0.09/turn              (no ring)
MPRegen  0.09/turn              (no ring)

@: no status effects
A: negative energy resistance 1, electricity resistance, unbreathing,
petrification resistance, miasma immunity, AC +3
a: no special abilities


You were on level 2 of the Dungeon.
You visited 1 branch of the dungeon, and saw 2 of its levels.

You collected 55 gold pieces.

Inventory:

Hand Weapons
 a - a +0 flail (weapon)
Missiles
 h - a throwing net (quivered) {!f}
Armour
 b - a +0 scale mail (worn)
 c - a +0 kite shield (worn)
 e - a +0 pair of boots (worn)
   (You found it on level 1 of the Dungeon)
Jewellery
 o - an uncursed ring of poison resistance {unknown}
   (You found it on level 2 of the Dungeon)
Scrolls
 f - a scroll of fear {unknown}
 i - a scroll of identify {unknown}
 m - a scroll of enchant armour {unknown}
 n - 2 scrolls of amnesia {unknown}
Potions
 d - 2 potions of might {@q3 !q}
 g - 2 potions of brilliance {unknown}
 j - 3 potions of haste {unknown}
 k - 2 potions of curing {unknown}
 l - a potion of cancellation {unknown}


   Skills:
 + Level 3.9 Fighting
 * Level 3.3 Maces & Flails
 + Level 3.9 Armour
 + Level 3.9 Shields


You had 3 spell levels left.
You didn't know any spells.
Your spell library was empty.

Dungeon Overview and Level Annotations

Branches:
Dungeon (2/15)

Altars:

Annotations:
D:2 Robin


Innate Abilities, Weirdness & Mutations

You are resistant to torment.
Your stone body is resilient. (AC +3)
You are immune to poison.
You resist negative energy. (rN+)
You are resistant to electric shocks. (rElec)
You can survive without breathing.
You are immune to petrification.
You are immune to miasma.


Message History

You sock the frilled lizard!
You kill the frilled lizard!
No target in view!
No target in view!
No target in view!
No target in view!
No target in view!
You see here a frilled lizard corpse.
Found a runed dagger.
You see here a runed dagger.
A goblin comes into view.
The goblin shouts!
A goblin is nearby!
A goblin is nearby!
A goblin is nearby!
A goblin is nearby!
A goblin is nearby!
A goblin is nearby!
Found 8 gold pieces.
You hit the goblin.
You kill the goblin!
No target in view!
No target in view!
No target in view!
No target in view!
No target in view!
No target in view!
No target in view!
No target in view!
No target in view!
No target in view!
No target in view!
You now have 55 gold pieces (gained 8).
A quokka comes into view.
The quokka bites you but does no damage.
A quokka is nearby!
A quokka is nearby!
A quokka is nearby!
A quokka is nearby!
A quokka is nearby!
A quokka is nearby!
You sock the quokka!
You kill the quokka!
No target in view!
No target in view!
No target in view!
No target in view!
No target in view!
No target in view!
No target in view!
No target in view!
No target in view!
No target in view! 7 goblins, 3 hobgoblins and Robin come into view.
Robin shouts!
The hobgoblin shouts! x2; The goblin shouts! x4
The hobgoblin shouts!
The goblin shouts!
You hear a shout!
Robin roars a battlecry!
The goblins go into a battle-frenzy!
A hobgoblin comes into view.
There are monsters nearby!
There are monsters nearby!
There are monsters nearby!
There are monsters nearby!
There are monsters nearby!
There are monsters nearby!
A hobgoblin comes into view.
You closely miss the hobgoblin. You block the hobgoblin's attack.
You hit the hobgoblin but do no damage. Robin throws the goblin at you!
The goblin barely misses you.
The hobgoblin hits you but does no damage.
The goblin hits you with a +0 club. The goblin hits you but does no damage.
You closely miss the hobgoblin. You block the goblin's attack.
The goblin closely misses you. The hobgoblin hits you with a +0 club.
The goblin hits you with a +0 club. The goblin hits you but does no damage.
You hit the hobgoblin.
The hobgoblin is moderately wounded.
The hobgoblin closely misses you. The goblin hits you but does no damage.
You block the goblin's attack.
The hobgoblin hits you but does no damage.
The goblin hits you but does no damage.
You closely miss the hobgoblin.
The hobgoblin is moderately wounded.
You block the hobgoblin's attack. The goblin hits you with a +0 club!
The goblin hits you but does no damage. Robin throws the goblin at you!
The hobgoblin hits you. The goblin barely misses you.
You block the hobgoblin's attack.
The goblin hits you but does no damage. x2
You are too injured to fight recklessly!
You are too injured to fight recklessly!
You are too injured to fight recklessly!
You are too injured to fight recklessly!
You are too injured to fight recklessly!
You are too injured to fight recklessly!
You hit the goblin.
You kill the goblin!
The hobgoblin hits you but does no damage.
You block the goblin's attack. The hobgoblin hits you with a +0 club.
* * * LOW HITPOINT WARNING * * *
The goblin hits you but does no damage. The goblin closely misses you.
Robin hits you but does no damage. The hobgoblin hits you.
You die...

........#.##### #.......#.#
####### #.###.###.. ...... #
##### #.# .# ### #....# #. .....
#.# #.# .....# #. ##### #.###.#
#gg..# #.#...† ...##.###. #ggg.#
#...### #..(...... #ggg.# #.....
..()#.##########@gg.# ##..#..
##)†#..#.......)gg### .<......#
.......#.########## #####..##
.......#.# #.... ..#.##.#.# #####
#..#. ..#.##.#.# #...# #######.÷.
..#.##.#.# #.#.#########.....#..#
..#.##)#.# #.#...................
#.#.##.#.###.###########.....##.#


You could see Robin, 5 hobgoblins and 6 goblins.

Vanquished Creatures
  Natasha (D:2)
  3 adders (D:2)
  A worm (D:2)
  3 dart slugs
  3 leopard geckos (D:2)
  A ball python (D:2)
  2 bats (D:2)
  2 giant cockroaches
  5 hobgoblins
  A quokka (D:2)
  2 frilled lizards
  4 goblins
  4 kobolds
  3 rats (D:1)
35 creatures vanquished.

Notes
Turn   | Place    | Note
-------+----------+-------------------------------------------
     0 | D:1      | EnegeticOcto the Gargoyle Fighter began the quest for the
                  | Orb.
     0 | D:1      | Reached XP level 1. HP: 14/14 MP: 1/1
   298 | D:1      | Reached XP level 2. HP: 19/19 MP: 2/2
  1050 | D:2      | Reached XP level 3. HP: 12/23 MP: 3/3
  1329 | D:2      | Reached skill level 3 in Maces & Flails
  1342 | D:2      | Noticed Natasha
  1354 | D:2      | Killed Natasha
  1355 | D:2      | Reached XP level 4. HP: 28/29 MP: 4/4
  1546 | D:2      | Noticed Robin
  1553 | D:2      | Slain by a hobgoblin

Illustrated notes

Levels and vault maps discovered:
D:1:      heliophobic_arrival_glass_houses, layout_basic
D:2:      layout_basic, uniq_robin, uniq_natasha

Skill      XL: |  1  2  3 |
---------------+----------+-----
Maces & Flails | 3 |  3.3
Fighting       | |  3.9
Armour         | |  3.9
Shields        | |  3.9

Action                   |  1- 3 |  4- 6 || total
-------------------------+-------+-------++-------
Melee: Flail             |   103 |    30 ||   133
Armor: Scale mail        |    56 |    26 ||    82
Dodge: Dodged            |    35 |    11 ||    46
Block: Kite shield       |    48 |    20 ||    68
